 Dungeon Crawl Stone Soup version 0.23-a0-241-g3b46b07 (webtiles) character file.

21 galech the Skirmisher (level 2, 0/24 HPs)
             Began as a Demonspawn Fighter on Sept 27, 2018.
             Slain by an adder (2 damage)
             ... on level 2 of the Dungeon.
             The game lasted 00:01:15 (861 turns).

galech the Skirmisher (Demonspawn Fighter)           Turns: 861, Time: 00:01:16

Health: 0/24       AC: 13    Str: 16    XL:     2   Next: 62%
Magic:  2/2        EV:  5    Int:  9    God:
Gold:   42         SH:  8    Dex: 12    Spells: 1/1 levels left

rFire    . . .     SeeInvis .   a - +0 war axe
rCold    . . .     Gourm    .   c - +0 shield
rNeg     . . .     Faith    .   n - +0 plate armour
rPois    .         Spirit   .   l - +0 helmet
rElec    .         Reflect  .   (no cloak)
rCorr    .         Harm     .   h - +0 pair of gloves
MR       .....     Rnd*Tele +   (no boots)
Stlth    ..........             (no amulet)
HPRegen  0.08/turn              e - ring of teleportation (curse)
MPRegen  0.08/turn              b - +3 ring of evasion

@: lethally poisoned (0 -> -5)
A: rot immunity
a: no special abilities


You were on level 2 of the Dungeon.
You were not hungry.

You visited 1 branch of the dungeon, and saw 2 of its levels.

You collected 42 gold pieces.

Inventory:

Hand Weapons
 a - a +0 war axe (weapon)
Armour
 c - a +0 shield (worn)
 h - a +0 pair of gloves (worn)
 l - a +0 helmet (worn)
 n - a +0 plate armour (worn)
Jewellery
 b - a +3 ring of evasion (right hand)
 e - a cursed ring of teleportation (left hand)
Scrolls
 k - a scroll of teleportation
 o - a scroll of fear
Potions
 d - 2 potions of might
 i - a potion of curing {unknown}
 j - a potion of mutation {unknown}
Comestibles
 f - 3 rations


   Skills:
 + Level 3.3 Fighting
 + Level 2.0 Axes
 + Level 2.9 Armour
 + Level 0.1 Dodging
 + Level 2.9 Shields


You had one spell level left.
You didn't know any spells.
Your spell library was empty.

Dungeon Overview and Level Annotations

Branches:
Dungeon (2/15)

Altars:


Innate Abilities, Weirdness & Mutations

You are immune to rotting.


Message History

* * * LOW HITPOINT WARNING * * *
You are lethally poisoned!
The adder poisons you! You block the adder's attack.
You closely miss the adder.
The adder is moderately wounded.
* * * LOW HITPOINT WARNING * * *
You feel sick. The adder barely misses you. You block the adder's attack.
Your shield and plate armour prevent you from hitting the adder.
The adder is moderately wounded.
* * * LOW HITPOINT WARNING * * *
You feel sick. You block the adder's attack. The adder bites you.
* * * LOW HITPOINT WARNING * * *
You closely miss the adder.
The adder is moderately wounded.
* * * LOW HITPOINT WARNING * * *
You feel sick.
The adder bites you but does no damage. x2
It was a potion of magic.
Magic courses through your body.
* * * LOW HITPOINT WARNING * * *
You feel sick. The adder bites you but does no damage. The adder bites you.
You die...

>..#$# #....#
##.....## #
........###.#
............####
#.......<.......
#......#######.
##...#.# #.. #@#
#. #S# # #.# #.#
..# ###


You could see an adder.

Vanquished Creatures
  A dart slug (D:1)
  A ball python (D:1)
  3 goblins (D:1)
  3 hobgoblins (D:1)
  2 bats (D:1)
  3 kobolds (D:1)
  5 rats (D:1)
18 creatures vanquished.

Notes
Turn   | Place    | Note
-------+----------+-------------------------------------------
     0 | D:1      | galech the Demonspawn Fighter began the quest for the Orb.
     0 | D:1      | Reached XP level 1. HP: 18/18 MP: 1/1
   317 | D:1      | Gained mutation: You are immune to rotting. [demonic
                  | ancestry]
   317 | D:1      | Reached XP level 2. HP: 24/24 MP: 2/2
   861 | D:2      | Slain by an adder

Vault maps used:
D:1:      sevenhm_arrival_forest_fort_large_4, grunt_decor_cap,
          minmay_tetromino_o4
D:2:      nicolae_overflow_hidden_temple, grunt_decor_arrowhead

Skill      XL: |  1  2 |
---------------+-------+-----
Axes           | 2 |  2.0
Fighting       | |  3.3
Armour         | |  2.9
Dodging        | |  0.1
Shields        | |  2.9

Action                   || total
-------------------------++-------
Melee: War axe           ||    56
  Use: Scroll            ||     2
       Potion            ||     1
Armor: Scale mail        ||    16
       Plate armour      ||    22
Dodge: Dodged            ||    13
Block: Shield            ||    22

Table legend:
 A = Non-vault XP
 B = Vault XP
 C = Vault XP percentage of total XP
 D = Non-vault monster count
 E = Vault monster count
 F = Vault count percentage of total count
                 A         B        C        D         E       F
            +---------+---------+-------+---------+---------+-------
      Total |      26 |       4 |  13.3 |      15 |       3 |  16.7
            +---------+---------+-------+---------+---------+-------
        D:1 |      26 |       4 |  13.3 |      15 |       3 |  16.7
            +---------+---------+-------+---------+---------+-------
